 Dungeon Crawl Stone Soup version 0.24-a0-715-g0b739ee41d (webtiles) character file.

Game seed: 6228784235325501183, levelgen mode: deterministic

88 Arixos the Sneak (level 4, 0/25 HPs)
             Began as a Vampire Enchanter on Sept 30, 2019.
             Slain by an orc priest
             ... wielding a +0 flail
              (8 damage)
             ... on level 1 of the Dungeon.
             The game lasted 00:18:41 (1841 turns).

Arixos the Sneak (Vampire Enchanter)                Turns: 1841, Time: 00:18:42

Health: 0/25       AC:  4    Str:  5 (7)  XL:     4   Next: 29%
Magic:  0/7        EV: 12    Int: 15 (17) God:
Gold:   142        SH:  0    Dex: 13 (15) Spells: 2/7 levels left

rFire    . . .     SeeInvis +   a - +1 dagger
rCold    + + .     Gourm    .   (no shield)
rNeg     + + +     Faith    .   f - +0 leather armour
rPois    ∞         Spirit   .   (no helmet)
rElec    .         Reflect  .   r - +0 cloak
rCorr    .         Harm     .   (no gloves)
MR       .....                  (no boots)
Stlth    +++++.....             (no amulet)
HPRegen  0.00/turn              (no ring)
MPRegen  0.10/turn              (no ring)

@: very slightly contaminated, bloodless, regenerating quickly
A: no food, fangs 3, see invisible, unbreathing
a: Bat Form, Revivify


You were on level 1 of the Dungeon.
You were bloodless.

You visited 1 branch of the dungeon, and saw 3 of its levels.

You collected 142 gold pieces.

Inventory:

Hand Weapons
 a - a +1 dagger (weapon)
Armour
 b - a +0 robe
 f - a +0 leather armour (worn)
 r - a +0 cloak (worn)
Scrolls
 i - 2 scrolls of amnesia
 n - a scroll of fear {unknown}
 p - a scroll of magic mapping {unknown}
 q - a scroll of remove curse
Potions
 c - 2 potions of might {unknown}
 d - a potion of invisibility {unknown}
 e - a potion of ambrosia {unknown}
 g - 2 potions of curing {unknown}
 h - a potion of agility {unknown}
 j - a potion of mutation {unknown}
 k - a potion of lignification {unknown}
 l - 2 potions of heal wounds {unknown}
 o - a potion of berserk rage {unknown}


   Skills:
 + Level 1.1 Fighting
 + Level 2.0 Short Blades
 + Level 2.7 Dodging
 + Level 5.2 Stealth
 + Level 2.4 Spellcasting
 + Level 5.0 Hexes


You had 2 spell levels left.
You knew the following spells:

 Your Spells              Type           Power        Failure   Level  Hunger
a - Ensorcelled Hibernat  Hex/Ice        #.....       19%         2    N/A
d - Tukima's Dance        Hex            ###.....     13%         3    N/A

Your spell library contained the following spells:

 Spells                   Type           Power        Failure   Level  Hunger
 Corona                   Hex            ###....      4%          1    N/A
 Confuse                  Hex            ###.....     13%         3    N/A
 Dazzling Spray           Conj/Hex       #.....       36%         3    N/A

Dungeon Overview and Level Annotations

Branches:
Dungeon (3/15)

Altars:
Fedhas


Innate Abilities, Weirdness & Mutations

You do not eat.
You do not regenerate when monsters are visible.
You are frail without blood (-20% HP).
You are immune to poison.
You have razor-sharp teeth.
You have supernaturally acute eyesight. (SInv)
You can survive without breathing.


Message History

The orc priest hits you with a +0 flail.
The orc wizard points at you and mumbles some strange words.
The magic dart hits you. The orc priest barely misses you.
You climb upwards.
There is a stone staircase leading down here.
The orc priest barely misses you.
There is a stone staircase leading up here.
The orc priest hits you but does no damage.
You climb upwards.
There is a stone staircase leading down here.
You closely miss the orc priest.
Casting: Ensorcelled Hibernation (safe; 19% risk of failure)
Confirm with . or Enter, or press ? or * to list all spells.
Aiming: Ensorcelled Hibernation (safe; 19% risk of failure)
Press: ? - help, Shift-Dir - straight line, f - orc priest
Aim: an orc priest, wielding a +0 flail (chance to defeat MR: 40%)
The orc priest resists with some effort.
The orc priest hits you with a +0 flail!
You die...

#...# #... #...# #### #...#
##
############...############.
#........##.................
#..................########.
#........#..###.##.#........
#........#..###.##.#.#####..
####....##o@................
###.#.##.###.#.#.#.#.#.#.#
#...#..#.......#.#.#.#[#.#
##..#....###.###.#.....†.#
#........................
#.........#...#...#....##
#.........#.......#......
########..#..######...#.#
########################.##..


You could see an orc priest.

Vanquished Creatures
  An orc wizard (D:3)
  An adder (D:2)
  2 oozes
  2 worms (D:2)
  A dart slug (D:1)
  3 leopard geckos
  An orc (D:3)
  4 giant cockroaches
  A goblin (D:1)
  3 hobgoblins
  8 bats
  2 frilled lizards
  3 kobolds
  5 rats
37 creatures vanquished.

Notes
Turn   | Place    | Note
-------+----------+-------------------------------------------
     0 | D:1      | Arixos the Vampire Enchanter began the quest for the Orb.
     0 | D:1      | Reached XP level 1. HP: 13/13 MP: 3/3
     0 | D:1      | Noticed a minotaur zombie
     0 | D:1      | Noticed a minotaur zombie
     8 | D:1      | Noticed a merfolk zombie
    18 | D:1      | Noticed a minotaur zombie
    72 | D:1      | Reached XP level 2. HP: 15/15 MP: 5/5
    79 | D:1      | Learned a level 2 spell: Ensorcelled Hibernation
   860 | D:2      | Reached XP level 3. HP: 20/20 MP: 6/6
  1191 | D:2      | Reached skill level 5 in Stealth
  1316 | D:3      | Found a blossoming altar of Fedhas.
  1442 | D:3      | Learned a level 3 spell: Tukima's Dance
  1538 | D:3      | Reached skill level 1 in Fighting
  1631 | D:3      | Reached skill level 5 in Hexes
  1637 | D:3      | Reached XP level 4. HP: 25/25 MP: 4/7
  1841 | D:1      | Slain by an orc priest

Levels and vault maps discovered:
D:1:      shiori_arrival_whats_in_store_for_you, layout_basic
D:2:      layout_rooms
D:3:      layout_basic, nicolae_overflow_crystal_walls,
          gammafunk_temple_overflow_claw

Skill      XL: |  1  2  3 |
---------------+----------+-----
Stealth        | 5 |  5.2
Fighting       | 1 |  1.1
Hexes          | 5 |  5.0
Short Blades   | 2 |  2.0
Dodging        | |  2.7
Spellcasting   | |  2.4

Action                   |  1- 3 |  4- 6 || total
-------------------------+-------+-------++-------
Melee: Dagger            |    54 |     1 ||    55
       Bite              |     2 |       ||     2
 Cast: Ensorcelled Hiber |    18 |     3 ||    21
 Abil: Exsanguinate      |     1 |       ||     1
       End Transformatio |       |     1 ||     1
       Bat Form          |       |     1 ||     1
  Use: Scroll            |     5 |       ||     5
 Stab: Sleeping          |    31 |       ||    31
Armor: Robe              |    12 |       ||    12
       Leather armour    |       |     1 ||     1
Dodge: Dodged            |    39 |     4 ||    43

Table legend:
 A = Non-vault XP
 B = Vault XP
 C = Vault XP percentage of total XP
 D = Non-vault monster count
 E = Vault monster count
 F = Vault count percentage of total count
                 A         B        C        D         E       F
            +---------+---------+-------+---------+---------+-------
      Total |     126 |       0 |   0.0 |      37 |       0 |   0.0
            +---------+---------+-------+---------+---------+-------
        D:1 |      31 |       0 |   0.0 |      16 |       0 |   0.0
        D:2 |      38 |       0 |   0.0 |      12 |       0 |   0.0
        D:3 |      57 |       0 |   0.0 |       9 |       0 |   0.0
            +---------+---------+-------+---------+---------+-------
